[Event "*** Titled Tuesday Blitz"]
[Site "Chess.com"]
[Date "2018.06.05"]
[Round "9"]
[White "FairChess_on_YouTube"]
[Black "Fandorine"]
[Result "1-0"]
[WhiteElo "2950"]
[BlackElo "2736"]
[TimeControl "180+2"]
[EndTime "15:10:03 PDT"]
[Termination "FairChess_on_YouTube won by checkmate"]

1. e4 c5 2. Nf3 e6 3. d4 cxd4 4. Nxd4 Nc6 5. Nc3 Qc7 6. Be2 a6 7. O-O Nf6 8. Be3 Be7 9. Kh1 O-O 10. f4 d6 11. a4 Re8 12. Nb3 b6 13. g4 Rb8 14. g5 Nd7 15. Bf3 Na5 16. Nd2 Bb7 17.
Bg2 Ba8 18. f5 Ne5 19. f6 Bf8 20. fxg7 Bxg7 21. Qh5 Nac4 22. Bf4 b5 23. axb5 axb5 24. Nxc4 bxc4 25. Ra3 Ng6 26. Bc1 Qd7 27. Nd1 d5 28. Rh3 Nf8 29. Ne3 dxe4 30. Ng4 e3 31. Rg3 e2 32.
Nh6+ Kh8 33. Qxe2 Bxh6 34. gxh6 Ng6 35. Bxa8 Rxa8 36. Qxc4 Rac8 37. Qe4 f5 38. Qe2 Qc6+ 39. Rg2 Nh4 40. Qe5# 1-0

[Event "*** Titled Tuesday Blitz"]
[Site "Chess.com"]
[Date "2018.06.05"]
[Round "9"]
[White "Martins-BR"]
[Black "RiskyDecision"]
[Result "0-1"]
[WhiteElo "2309"]
[BlackElo "2529"]
[TimeControl "180+2"]
[EndTime "15:10:04 PDT"]
[Termination "RiskyDecision won by resignation"]

1. e4 e6 2. d4 d5 3. Nc3 dxe4 4. Nxe4 Nd7 5. Bd3 Ngf6 6. Qe2 c5 7. Nxc5 Nxc5 8.
dxc5 Bxc5 9. Nf3 O-O 10. Bg5 h6 11. Bh4 Qa5+ 12. c3 Nd5 13. b4 Qa3 14. O-O Nxc3 15.
Qc2 Bxb4 16. Rfe1 Nd5 17. Re4 Bd7 18. Ne5 Ba4 19. Qe2 Nc3 20. Qf3 Nxe4 21. Qxe4 f5 22. Qc4 Rae8 23. Bg3 Qc3 24. Rc1 Qxc4 25. Rxc4 a5 26. Ng6 Rf6 27. Nf4 Bb5 28. Rxb4 Bxd3 29. Rxb7 Bc4 30. Ra7 Bxa2 31. Rxa5 Bc4 32. h4 e5 33. Nh5 Rfe6 34. f3 f4 35. Bf2 g6 36. Rc5 Bd3 37. Rc3 Bf5 38. g4 Bb1 39.
Rc1 Bd3 40. Rc3 Be2 0-1

[Event "*** Titled Tuesday Blitz"]
[Site "Chess.com"]
[Date "2018.06.05"]
[Round "9"]
[White "nihalsarin"]
[Black "W_Amadeus"]
[Result "1-0"]
[WhiteElo "2749"]
[BlackElo "2531"]
[TimeControl "180+2"]
[EndTime "15:10:06 PDT"]
[Termination "nihalsarin won by resignation"]

1. c4 c6 2. Nf3 d5 3. d4 Nf6 4.
Nc3 e6 5. Bg5 h6 6. Bxf6 Qxf6 7.
Qb3 Nd7 8. e4 dxe4 9. Nxe4 Qf4 10. Bd3 e5 11. O-O Be7 12. Rae1 exd4 13. Bb1 O-O 14. Ng3 Nc5 15. Qd1 Qc7 16. b4 Ne6 17. c5 Rd8 18. Ne5 Nf8 19. Nf5 Bxf5 20. Bxf5 Rd5 21.
f4 Bf6 22. Be4 Rxe5 23. fxe5 Bxe5 24. Qh5 f6 25. Bd3 a5 26. a3 axb4 27. axb4 Kh8 28. Rf3 b6 29. cxb6 Qxb6 30. Ref1 Qxb4 31. g3 Qd6 32. Bc4 c5 33. Qf7 Nh7 34. Ra3 Rf8 35. Qg6 Ng5 36. Ra7 f5 37. Rxf5 Qxg6 38. Rxf8+ Kh7 39. Bg8+ Kh8 40. Bf7+ Kh7 41. Bg8+ Kh8 42. Bf7+ Kh7 43. Rh8+ Kxh8 44. Bxg6 1-0

[Event "*** Titled Tuesday Blitz"]
[Site "Chess.com"]
[Date "2018.06.05"]
[Round "9"]
[White "EndgameGrinder"]
[Black "nochewycandy"]
[Result "0-1"]
[WhiteElo "2487"]
[BlackElo "2146"]
[TimeControl "180+2"]
[EndTime "15:10:06 PDT"]
[Termination "nochewycandy won by resignation"]

1. e4 g6 2. d4 Bg7 3. Nc3 d6 4. f4 a6 5. Nf3 b5 6. Bd3 Nd7 7. e5 Nh6 8. Qe2 O-O 9. Ne4 Bb7 10. O-O c5 11. c3 cxd4 12. cxd4 Nb6 13. e6 f5 14.
Neg5 Ng4 15. Bd2 Nd5 16. h3 Ngf6 17. Kh2 Qb6 18. Rac1 Rac8 19. Rxc8 Rxc8 20. Rc1 Rxc1 21. Bxc1 Nh5 22. g3 Nhf6 23. Qc2 Nb4 24. Qb3 Nxd3 25. Qxd3 h6 26. Nf7 Bd5 27. Nd2 Bxe6 28. Ne5 dxe5 29. dxe5 Nd5 30. Nb3 Qf2+ 31. Kh1 Qe1+ 32. Kg2 Qe4+ 33.
Qxe4 fxe4 34. Kf2 Nb4 35. Ke3 Nxa2 36. Nc5 Bxh3 37. Bd2 Bf5 38. Nxa6 e6 39. Nc7 b4 40. Nb5 Bf8 41. Kd4 Kf7 42. Be3 Bh3 43. Kc4 Bf1+ 44.
Kb3 Bxb5 45. Kxa2 Bc4+ 46. Kb1 b3 47. Kc1 Bd3 48. Kd2 Bc2 49. Kc3 Ke8 50. Kd4 Kd7 51. Kc4 Kc6 52. Kd4 Bc5+ 53. Kc3 Bxe3 0-1

[Event "*** Titled Tuesday Blitz"]
[Site "Chess.com"]
[Date "2018.06.05"]
[Round "9"]
[White "talento10"]
[Black "awesomevishesh"]
[Result "1-0"]
[WhiteElo "2201"]
[BlackElo "2097"]
[TimeControl "180+2"]
[EndTime "15:10:07 PDT"]
[Termination "talento10 won on time"]

1. e4 c5 2. Nf3 Nc6 3. d4 cxd4 4. Nxd4 Nf6 5. Nc3 e5 6. Ndb5 d6 7. Nd5 Nxd5 8. exd5 Nb8 9. c4 Be7 10. b3 a6 11. Nc3 O-O 12. Be2 f5 13. O-O Nd7 14. Bb2 Bf6 15. f3 Bg5 16. Qc2 Qf6 17. Bc1 b6 18. Bxg5 Qxg5 19. Qc1 Qh4 20. g3 Qf6 21.
Qc2 f4 22. g4 h5 23. gxh5 Qg5+ 24. Kh1 Nf6 25. Qg6 Qxh5 26. Qxh5 Nxh5 27. Bd3 Kf7 28. Rg1 Rh8 29. Bg6+ Kf8 30. Ne4 Bh3 31. Rg5 Nf6 32.
Nxd6 b5 33. Bf5 bxc4 34. bxc4 Rb8 35. Rag1 Rb2 36. Rxg7 Bg4 37. Rf7+ Kg8 38. Rg2 Rxh2+ 39. Rxh2 Bxf3+ 40. Kg1 1-0

[Event "*** Titled Tuesday Blitz"]
[Site "Chess.com"]
[Date "2018.06.05"]
[Round "9"]
[White "Bryakin_Mikhail"]
[Black "Keaton87"]
[Result "1/2-1/2"]
[WhiteElo "2644"]
[BlackElo "2487"]
[TimeControl "180+2"]
[EndTime "15:10:08 PDT"]
[Termination "Game drawn by repetition"]

1. d4 Nf6 2. c4 g6 3. Nc3 Bg7 4. e4 d6 5. h3 O-O 6. Be3 a6 7.
Nf3 c6 8. Bd3 b5 9. O-O Nbd7 10. a4 bxc4 11. Bxc4 d5 12. Bd3 dxe4 13. Nxe4 Nxe4 14. Bxe4 Bb7 15. Rc1 Rc8 16. Qb3 Ba8 17.
Qc4 a5 18. Rfd1 Nb6 19. Qc2 Nd5 20. Bd2 Qb6 21. Ne5 Rfd8 22. Nc4 Qxd4 23. Bxa5 Qc5 24. Bxd8 Rxd8 25. Ne3 Qb4 26. b3 e6 27. Nxd5 exd5 28. Bd3 Rb8 29. Rb1 c5 30. Bb5 Bc3 31.
Qe2 Qf4 32. Qg4 Qf6 33. Rd3 d4 34. Bc4 h5 35. Qg3 Re8 36. Rc1 Be4 37. Rdxc3 dxc3 38.
Rxc3 h4 39. Qe3 Bc6 40. Qd2 Rd8 41. Rd3 Qa1+ 42. Kh2 Qe5+ 43. Kg1 Qa1+ 44. Kh2 Qe5+ 45. Kg1 Qa1+ 1/2-1/2

[Event "*** Titled Tuesday Blitz"]
[Site "Chess.com"]
[Date "2018.06.05"]
[Round "9"]
[White "Last7Samurai"]
[Black "ChessicallyInclined"]
[Result "1-0"]
[WhiteElo "2690"]
[BlackElo "2253"]
[TimeControl "180+2"]
[EndTime "15:10:09 PDT"]
[Termination "Last7Samurai won by resignation"]

1. e4 e5 2. Nf3 Nc6 3. Bb5 a6 4. Ba4 Nf6 5. O-O b5 6. Bb3 Be7 7. Re1 O-O 8. c3 d6 9. h3 Nb8 10. d4 Nbd7 11. Nbd2 Bb7 12. Bc2 Re8 13. a4 c6 14. Bd3 Bf8 15. Qc2 Qc7 16. b3 g6 17.
Ba3 Rac8 18. Rad1 Bg7 19. dxe5 dxe5 20. c4 bxa4 21. bxa4 c5 22. Bb2 Nf8 23. Nf1 N6d7 24. Ne3 Ne6 25. Nd5 Qd8 26. Qd2 Nd4 27. Nh2 Bxd5 28.
exd5 f5 29. Rb1 e4 30. Bf1 Ne5 31. Bc3 Qd6 32. Kh1 h5 33. Rb7 Rc7 34. Reb1 Ree7 35. R7b6 Nec6 36. dxc6 Be5 37. g3 f4 38. Bg2 fxg3 39.
fxg3 e3 40. Qxe3 Bxg3 41. Bd5+ Qxd5+ 42. cxd5 Rxe3 43. Bxd4 cxd4 44. Nf1 Rf3 45. Nxg3 Rxg3 46. Rb8+ Kg7 47. R8b7 Rxb7 48. cxb7 Rxh3+ 49. Kg2 1-0

[Event "*** Titled Tuesday Blitz"]
[Site "Chess.com"]
[Date "2018.06.05"]
[Round "9"]
[White "orrbaverlekszarnyon"]
[Black "Jbd735"]
[Result "1-0"]
[WhiteElo "2304"]
[BlackElo "2355"]
[TimeControl "180+2"]
[EndTime "15:10:12 PDT"]
[Termination "orrbaverlekszarnyon won by resignation"]

1. e4 e5 2. Nf3 Nc6 3. Bc4 Bc5 4. O-O Nf6 5. d3 h6 6. c3 d6 7. d4 Bb6 8. a4 a6 9. Bd5 Nxd5 10. exd5 Ne7 11.
dxe5 dxe5 12. c4 e4 13. Nd4 c6 14. a5 Ba7 15. Nc3 cxd5 16. cxd5 Nxd5 17. Nxe4 O-O 18.
Ng3 Qf6 19. Nf3 Be6 20. Ne4 Qg6 21. Ng3 Rfd8 22. Qa4 Rac8 23. Rd1 Qc2 24. Qxc2 Rxc2 25. Be3 Bxe3 26. fxe3 Rxg2+ 27. Kh1 Bg4 28. Rxd5 Rxd5 29.
Kxg2 Rb5 30. Rb1 Rxa5 31. Nd4 h5 32. h3 Bd7 33. b4 Ra2+ 34. Kf3 Bxh3 35. Nxh5 Bd7 36.
Nf4 b6 37. Nd5 a5 38. Nxb6 Be8 39. b5 Kf8 40. Nc4 Bxb5 41. Rxb5 a4 42. Ra5 g6 43.
Nb6 a3 44. Nc4 Ke7 45. Rxa3 Rxa3 46. Nxa3 Kf6 47. Nc4 Kg5 48. Ne5 f5 49. Nxg6 Kxg6 50. Kf4 Kf6 51. Nxf5 1-0

[Event "*** Titled Tuesday Blitz"]
[Site "Chess.com"]
[Date "2018.06.05"]
[Round "9"]
[White "JaimeSantosLatasa"]
[Black "murmah2003"]
[Result "1-0"]
[WhiteElo "2672"]
[BlackElo "2496"]
[TimeControl "180+2"]
[EndTime "15:10:13 PDT"]
[Termination "JaimeSantosLatasa won by resignation"]

1. e4 c5 2. Nf3 d6 3. d4 cxd4 4. Nxd4 Nf6 5. Nc3 a6 6. Be2 e5 7. Nf3 h6 8. Nd2 b5 9. a4 b4 10. Nd5 Nxd5 11. exd5 Bb7 12. Nc4 Nd7 13. a5 Rb8 14.
O-O Be7 15. Be3 O-O 16. Ra4 Bc8 17. Ba7 Rb5 18. Nb6 Rc5 19. Nxc8 Qxc8 20. Bxc5 Qxc5 21. Bxa6 Ra8 22. Qe2 Qxd5 23. Bc4 Qc6 24. Bb5 Qc7 25. Bxd7 Qxd7 26. b3 Qe6 27. a6 d5 28. Qb5 e4 29.
Qb7 Rf8 30. a7 e3 31. a8=Q exf2+ 32. Kh1 Qe2 33. Raa1 Rxa8 34. Qxa8+ Kh7 35. Qxd5 Qxc2 36. Qxf7 Bf6 37. Rad1 Qe2 38. Qc4 Qb2 39. Qd3+ Kg8 40. Rd2 Qe5 41. Rdxf2 1-0

[Event "*** Titled Tuesday Blitz"]
[Site "Chess.com"]
[Date "2018.06.05"]
[Round "9"]
[White "nubair1198"]
[Black "NMJeevanK"]
[Result "1-0"]
[WhiteElo "2541"]
[BlackElo "2315"]
[TimeControl "180+2"]
[EndTime "15:10:19 PDT"]
[Termination "nubair1198 won by resignation"]

1. c4 e5 2. Nc3 Bb4 3. Nd5 Be7 4.
Qc2 c6 5. Nxe7 Qxe7 6. d3 Nf6 7. g3 O-O 8. Bg2 d5 9. Nf3 h6 10. O-O Bf5 11. Nh4 Be6 12. e4 Nbd7 13. Bd2 Rad8 14. Rae1 Nb6 15. exd5 cxd5 16. Rxe5 dxc4 17. dxc4 Rxd2 18.
Qxd2 Nxc4 19. Rxe6 Qxe6 20. Qb4 Nb6 21. a4 Nfd5 22.
Qb3 a5 23. Rd1 Nb4 24. Qxe6 fxe6 25. b3 N6d5 26. Ng6 Rc8 27. Re1 Kf7 28. Ne5+ Kf6 29.
Bh3 Rc3 30. Nd7+ Ke7 31. Bxe6 Kd6 32. Bh3 Rxb3 33. Ne5 Nd3 34. Nc4+ Kc5 35. Nxa5 Rb2 36. Re8 Nxf2 37. Nxb7+ Kb6 38. Bg2 Nc3 39. a5+ Ka7 40.
Nc5 Rb8 41. Re7+ 1-0

[Event "*** Titled Tuesday Blitz"]
[Site "Chess.com"]
[Date "2018.06.05"]
[Round "9"]
[White "Alexandr_Predke"]
[Black "chessking2151"]
[Result "1-0"]
[WhiteElo "2647"]
[BlackElo "2446"]
[TimeControl "180+2"]
[EndTime "15:10:20 PDT"]
[Termination "Alexandr_Predke won by resignation"]

1. d4 Nf6 2. Nf3 e6 3. c4 b6 4.
g3 Ba6 5. Qc2 Bb4+ 6. Bd2 Qe7 7.
Bg2 c6 8. O-O O-O 9. a3 Bxd2 10.
Nbxd2 d5 11. Ne5 Bb7 12. e4 Nbd7 13. Rfe1 Nxe5 14. dxe5 Nd7 15. cxd5 Nxe5 16. f4 Nd7 17. dxe6 fxe6 18. e5 Nc5 19. b4 Na6 20. Be4 g6 21.
Rad1 c5 22. b5 Bxe4 23. Nxe4 Nc7 24. Nf6+ Rxf6 25. exf6 Qxf6 26. Qe4 Rd8 27. Qc6 Qe7 28. a4 Rxd1 29. Rxd1 Nd5 30. Re1 Kf7 31. Qc8 Nf6 32.
Rd1 Nd5 33. Qh8 h5 34. Qh7+ Kf6 35. Qh8+ Kf7 36. Qh7+ Kf6 37. Qxe7+ Kxe7 38. Rc1 Kd6 39. Kf2 e5 40. Kf3 Ke6 41. Re1 c4 42. Rxe5+ Kd6 43.
Ke4 Nc3+ 44. Kd4 Nxa4 45. Kxc4 Nb2+ 46. Kd4 Na4 47. Rg5 1-0

[Event "*** Titled Tuesday Blitz"]
[Site "Chess.com"]
[Date "2018.06.05"]
[Round "9"]
[White "champ2005"]
[Black "wonderfultime"]
[Result "1-0"]
[WhiteElo "2574"]
[BlackElo "2823"]
[TimeControl "180+2"]
[EndTime "15:10:21 PDT"]
[Termination "champ2005 won on time"]

1. e4 c5 2. Nf3 d6 3. d4 cxd4 4. Nxd4 Nf6 5. Nc3 g6 6. Be3 Bg7 7. f3 Nc6 8. Qd2 O-O 9. g4 Be6 10. Nxe6 fxe6 11. O-O-O Qc8 12. Be2 Ne5 13. h4 Nc4 14. Bxc4 Qxc4 15. Bd4 Rac8 16. h5 b5 17. Kb1 b4 18. Ne2 a5 19. hxg6 hxg6 20. Ng3 e5 21. Be3 Rf7 22. Qh2 a4 23. g5 Nd7 24. Nf5 gxf5 25. g6 Rf6 26. Qh7+ Kf8 27. Bh6 Qg8 28.
Bxg7+ Qxg7 29. Qh8+ Qg8 30. Rdg1 b3 31. cxb3 axb3 32. a3 Nc5 33. exf5 Rxf5 34. Qh3 e6 35. Qh6+ Ke7 36. Qe3 Rcf8 37. Rh7+ Ke8 38. Qe2 1-0

[Event "*** Titled Tuesday Blitz"]
[Site "Chess.com"]
[Date "2018.06.05"]
[Round "9"]
[White "Terrordelcaribe94"]
[Black "saikrishnaReturns"]
[Result "0-1"]
[WhiteElo "2358"]
[BlackElo "2634"]
[TimeControl "180+2"]
[EndTime "15:10:21 PDT"]
[Termination "saikrishnaReturns won by checkmate"]

1. d4 Nf6 2. Bf4 c5 3. d5 Qb6 4. Nc3 Qxb2 5. Bd2 Qb6 6. e4 d6 7. f4 g6 8. Nf3 Bg7 9. Rb1 Qd8 10. Bb5+ Bd7 11. Bc4 Qc7 12. O-O O-O 13. Qe2 Bg4 14.
h3 Bxf3 15. Rxf3 Nfd7 16. e5 dxe5 17. d6 Qxd6 18. Rxb7 Qd4+ 19. Kh2 Nb6 20. Bd3 c4 21. Be4 Na6 22. Nb5 Qc5 23. Nxa7 exf4 24. Nc6 Rae8 25.
Bxf4 Nc8 26. a4 f5 27. Rb5 fxe4 28. Qxe4 Nd6 29. Qe6+ Kh8 30. Rxc5 Nxc5 31. Qd5 Nxa4 32. Bxd6 Rxf3 33. Qxf3 exd6 34. Qd5 Nc3 35. Qxd6 Ne2 36.
Qd7 Rf8 37. Ne7 Rf2 38. Qc8+ Bf8 39. Nd5 Kg7 40. Qd7+ Kh6 41. Qe6 Rf5 42. Qe3+ Kg7 43. Nc7 Bd6+ 44. g3 Bxg3+ 45. Kg2 Rf2+ 46. Kh1 Rh2# 0-1

[Event "*** Titled Tuesday Blitz"]
[Site "Chess.com"]
[Date "2018.06.05"]
[Round "9"]
[White "bugsbunny444"]
[Black "Aleksandr_Kholin"]
[Result "1-0"]
[WhiteElo "2367"]
[BlackElo "2427"]
[TimeControl "180+2"]
[EndTime "15:10:37 PDT"]
[Termination "bugsbunny444 won by resignation"]

1. Nf3 b6 2. g3 Bb7 3. Bg2 Nf6 4.
O-O e6 5. c4 Be7 6. b3 O-O 7.
Bb2 c5 8. Nc3 d6 9. e3 Nbd7 10. d4 Rc8 11. d5 e5 12. e4 Re8 13.
Ne1 Bf8 14. Nd3 h6 15. f4 a6 16. a4 Rb8 17. f5 Be7 18. Bc1 Nh7 19. h4 Nhf6 20.
Bf3 a5 21. Ra2 Rc8 22. Rh2 Nh7 23. Be3 Nb8 24. Kg2 Na6 25. Rfh1 Nb4 26. g4 f6 27. Be2 Rc7 28. Ne1 Kf7 29. Nf3 Rf8 30.
Qd2 Rg8 31. Kf1 Ba6 32. Rg1 Ke8 33. g5 hxg5 34. hxg5 Nf8 35. gxf6 Bxf6 36. Ng5 Kd7 37. Bh5 Kc8 38. Bf7 Rxf7 39. Nxf7 Qc7 40. Ng5 Bxg5 41.
Rxg5 Kb8 42. Qe2 Qf7 43. Ke1 Nd7 44. Kd2 Nf6 45. Rg6 Qf8 46. Bg5 Ne8 47. Qh5 Bc8 48. Qh7 Qf7 49. Nb5 Rf8 50. Nxd6 Nxd6 51. Rxd6 Kc7 52.
Qg6 Qxg6 53. Rxg6 Rf7 54. Rh7 Na6 55. Rgxg7 1-0

[Event "*** Titled Tuesday Blitz"]
[Site "Chess.com"]
[Date "2018.06.05"]
[Round "9"]
[White "CarlssonLudvig"]
[Black "DSCC1"]
[Result "1-0"]
[WhiteElo "2095"]
[BlackElo "2133"]
[TimeControl "180+2"]
[EndTime "15:10:37 PDT"]
[Termination "CarlssonLudvig won on time"]

1. Nf3 Nc6 2. d4 d5 3. Bf4 Bg4 4. Nbd2 e6 5. h3 Bh5 6. e3 Bd6 7. Bxd6 cxd6 8. c4 dxc4 9. Bxc4 d5 10. Bb5 Ne7 11. O-O O-O 12. Qa4 a6 13. Bxc6 Nxc6 14. Rfc1 Qd6 15. a3 Rfc8 16. Qc2 Bg6 17. Qd1 f6 18. Nb3 b6 19. Qd2 Rc7 20. Rc3 Rac8 21.
Rac1 a5 22. Na1 Na7 23. Rxc7 Rxc7 24. Ne1 Nc8 25. Rc3 Rc4 26. Qc1 Qc7 27. Rxc4 dxc4 28.
Nac2 Nd6 29. Nf3 b5 30. Nd2 Qc6 31. Nb1 Ne4 32. Ne1 b4 33. axb4 axb4 34. Nd2 Nxd2 35. Qxd2 c3 36. Qc1 Qc4 37. f3 Qb3 38. bxc3 bxc3 39.
e4 Qc4 40. Nc2 Be8 41. Qf1 Qb3 42. Qd1 Ba4 43. Qd3 Qxc2 44. Qc4 1-0

[Event "*** Titled Tuesday Blitz"]
[Site "Chess.com"]
[Date "2018.06.05"]
[Round "9"]
[White "ChessMavenYeti"]
[Black "Colombiano07"]
[Result "0-1"]
[WhiteElo "2142"]
[BlackElo "2246"]
[TimeControl "180+2"]
[EndTime "15:10:42 PDT"]
[Termination "Colombiano07 won by resignation"]

1. Nf3 Nf6 2. g3 g6 3. Bg2 Bg7 4. O-O O-O 5. b3 Ne4 6. d4 d5 7. Bb2 a5 8. c4 a4 9. cxd5 axb3 10. Qxb3 Ra6 11. Nfd2 Nxd2 12. Nxd2 Rb6 13. Qc2 c6 14.
dxc6 Nxc6 15. e3 Bf5 16. e4 Nxd4 17. Bxd4 Qxd4 18. exf5 Rb2 19. Qc4 Qxd2 20. Rad1 Qc2 21. Qxc2 Rxc2 22. fxg6 hxg6 23. a4 Ra2 24. Bxb7 Rxa4 25.
Rd7 Bf6 26. Kg2 Ra2 27. Rfd1 Rb2 28. Bd5 Kg7 29. h4 Rc8 30. Be4 Re2 31. Kf3 Ra2 32. R1d2 Rc3+ 33. Ke2 Ra4 34. Bf3 Rc1 35. Rd1 Rc2+ 36.
R7d2 Rcc4 37. Bd5 Rcb4 38. Rc2 Bd4 39. Bc6 Ra5 40. Rd3 e5 41. f3 Ra1 42. Rd1 Ra3 43.
Rd3 Rxd3 44. Kxd3 Rb3+ 45. Ke2 Re3+ 46. Kd2 Ra3 47. Bd5 f5 48. Rc7+ Kh6 49. Bg8 g5 50.
Rh7+ Kg6 51. h5+ Kf6 52. Rb7 Ra8 53. Rf7+ Ke6 54. Ra7+ Rxg8 55. Ra6+ Kd5 56. h6 Rh8 57. g4 fxg4 58. fxg4 Ke4 59. Ke2 Kf4 60. Rg6 Kxg4 0-1

[Event "*** Titled Tuesday Blitz"]
[Site "Chess.com"]
[Date "2018.06.05"]
[Round "9"]
[White "Kubas1010"]
[Black "krzysztofszczurek"]
[Result "0-1"]
[WhiteElo "2372"]
[BlackElo "2251"]
[TimeControl "180+2"]
[EndTime "15:10:50 PDT"]
[Termination "krzysztofszczurek won by resignation"]

1. Nf3 Nf6 2. c4 g6 3. Nc3 Bg7 4. e4 d6 5. d4 O-O 6. h3 Nbd7 7. Bg5 h6 8. Be3 e5 9. d5 Nc5 10. Nd2 a5 11. g4 Nh7 12. Be2 f5 13. gxf5 gxf5 14.
Rg1 Qh4 15. Qc2 f4 16. Bxc5 dxc5 17. Bg4 Ng5 18. O-O-O Qxf2 19. Rdf1 Qh4 20. Nf3 Nxf3 21. Rxf3 Kh7 22. Qg2 Bxg4 23. hxg4 Bf6 24. Rh3 Qg5 25.
Kc2 Rg8 26. Rh5 Qxh5 27. gxh5 Rxg2+ 28. Rxg2 Rg8 29. Rxg8 Kxg8 30. Kd3 Kf7 31. Ne2 Bh4 32. Ng1 Bf2 33. Nf3 Bd4 34. b3 Kf6 35. Ke2 Bb2 36. Kf1 c6 37. a4 Bd4 38. dxc6 bxc6 39. Kg2 Be3 40. Kh3 Bf2 41. Kg4 Bg3 42. Ng1 Bf2 43.
Ne2 Be3 44. Nc3 Bd4 45. Ne2 Be3 46. Nc3 Bd4 47. Nd1 Kf7 48. Kh4 Ke6 49. Kg4 Kf6 50. Kh4 f3 51. Kg3 f2 52. Nxf2 Bxf2+ 53. Kxf2 Kg5 54. Kg3 Kxh5 55. Kh3 Kg5 56. Kg3 h5 57.
Kf3 h4 58. Ke3 Kg4 59. Kf2 Kf4 0-1

[Event "*** Titled Tuesday Blitz"]
[Site "Chess.com"]
[Date "2018.06.05"]
[Round "9"]
[White "Anton_Demchenko"]
[Black "Patzel09"]
[Result "1-0"]
[WhiteElo "2765"]
[BlackElo "2601"]
[TimeControl "180+2"]
[EndTime "15:10:52 PDT"]
[Termination "Anton_Demchenko won by resignation"]

1. e4 g6 2. d4 c6 3. Nc3 d5 4. Nf3 dxe4 5. Nxe4 Nf6 6. Nxf6+ exf6 7. h3 Bg7 8. Bd3 O-O 9. O-O a5 10. c3 a4 11. Bf4 b5 12. Qd2 Na6 13. Be4 Bd7 14.
Rad1 Nc7 15. Bh6 Nd5 16. Bxg7 Kxg7 17. Bxd5 cxd5 18. Ne1 Re8 19. Nd3 Bf5 20. Nc5 Ra7 21.
Rde1 Rae7 22. Re3 Rxe3 23. fxe3 Qe7 24. Re1 Bd7 25. Qf2 f5 26. Qf4 Bc8 27. Kf1 g5 28.
Qf2 Qf6 29. b3 Qd6 30. Kg1 axb3 31. axb3 f4 32. h4 h6 33. Nd3 Bf5 34. exf4 Rxe1+ 35. Nxe1 gxf4 36. Nf3 f6 37. b4 Bg4 38. Nd2 h5 39.
Nb3 Qb8 40. Nc5 Qe8 41. Nd3 Qe3 42. Qxe3 fxe3 43. Nf4 Kf7 44. Nxd5 e2 45. Kf2 Ke6 46.
Ne3 f5 47. Nxg4 hxg4 48. Kxe2 f4 49. Kf2 Kf5 50. h5 Kg5 51. d5 Kxh5 52. d6 1-0

[Event "*** Titled Tuesday Blitz"]
[Site "Chess.com"]
[Date "2018.06.05"]
[Round "9"]
[White "vovachesss"]
[Black "Arystanner23"]
[Result "1-0"]
[WhiteElo "2418"]
[BlackElo "2603"]
[TimeControl "180+2"]
[EndTime "15:10:54 PDT"]
[Termination "vovachesss won by checkmate"]

1. Nf3 Nf6 2. g3 g6 3. Bg2 Bg7 4. O-O O-O 5. c4 c6 6. b3 Ne4 7. d4 d5 8. Bb2 a5 9. a3 a4 10. cxd5 cxd5 11. Nc3 Nxc3 12. Bxc3 Nc6 13. b4 Bd7 14. Rc1 Na7 15. Ne5 e6 16. Bb2 Bb5 17. Qd2 Ba6 18. Rc2 Rc8 19. Rfc1 Rxc2 20. Rxc2 Nb5 21.
e3 Nd6 22. Qc1 f6 23. Nf3 Bd3 24. Rc3 Be4 25. Nd2 Bxg2 26. Kxg2 h5 27. h4 Nb5 28.
Rc5 Qd7 29. Qc2 Kh7 30. Qxa4 Rc8 31. Qxb5 Qxb5 32. Rxb5 Rc2 33. Nb3 Rxb2 34. Nc5 e5 35. Rxb7 Kh8 36. a4 Bh6 37. Kf1 Rb1+ 38. Ke2 Rb2+ 39.
Ke1 Rb1+ 40. Kd2 exd4 41. a5 dxe3+ 42. fxe3 d4 43. Re7 dxe3+ 44. Kc3 Rc1+ 45. Kb2 Re1 46. a6 Re2+ 47. Kb3 Bf8 48. Rb7 Re1 49. a7 Ra1 50. Na4 e2 51. a8=Q Rb1+ 52. Nb2 Kg8 53.
Qe8 e1=Q 54. Qf7+ Kh8 55. Qh7# 1-0

[Event "*** Titled Tuesday Blitz"]
[Site "Chess.com"]
[Date "2018.06.05"]
[Round "9"]
[White "Fighterman91"]
[Black "Paralinch"]
[Result "1-0"]
[WhiteElo "2624"]
[BlackElo "2826"]
[TimeControl "180+2"]
[EndTime "15:10:55 PDT"]
[Termination "Fighterman91 won by resignation"]

1. e4 c6 2. d4 d5 3. e5 Bf5 4. g4 Bd7 5. Be3 c5 6. dxc5 Bc6 7. Bd4 e6 8. Nf3 h5 9. g5 Ne7 10. Bd3 g6 11. b4 b5 12. a4 bxa4 13. b5 Bg7 14. bxc6 Nbxc6 15. c3 O-O 16. Nbd2 Qc7 17.
Qe2 Rab8 18. Rxa4 Rb2 19. O-O Rfb8 20. Rfa1 a5 21. R4a2 R2b7 22. h4 Qd7 23. Rb1 Rxb1+ 24. Nxb1 Nf5 25. Bxf5 exf5 26. Rb2 Rxb2 27. Qxb2 f4 28.
Nbd2 a4 29. Qb5 a3 30. Qa4 Qa7 31. Qxa7 Nxa7 32. c4 dxc4 33. Nxc4 a2 34. Na5 Bf8 35. Nb3 Nc6 36. Bc3 Bg7 37. Kf1 Kf8 38. Ke2 Ke7 39. Kd2 Ke6 40. Nfd4+ Nxd4 41. Nxd4+ Kd5 42. Nb3 Bf8 43.
Bd4 f3 44. Kc2 Be7 45. Kd3 Bd8 46. Nc1 Bxg5 47. hxg5 h4 48. e6 Kxe6 49. Ke3 Kd5 50. Nb3 h3 51. Kxf3 Kc4 52. c6 Kxb3 53. c7 Kc4 54. Bf6 h2 55. Kg2 Kd3 56. Kxh2 a1=Q 57. Bxa1 Ke4 58. c8=Q 1-0

[Event "*** Titled Tuesday Blitz"]
[Site "Chess.com"]
[Date "2018.06.05"]
[Round "9"]
[White "BartoszSocko"]
[Black "VitaliyBernadskiy"]
[Result "0-1"]
[WhiteElo "2630"]
[BlackElo "2658"]
[TimeControl "180+2"]
[EndTime "15:11:02 PDT"]
[Termination "VitaliyBernadskiy won by resignation"]

1. e4 c5 2. Nf3 Nc6 3. Bb5 Nf6 4. e5 Nd5 5. O-O Nc7 6. Bd3 g6 7. Re1 Bg7 8. c3 O-O 9. Bc2 d6 10. exd6 exd6 11. h3 d5 12. d4 cxd4 13. Nxd4 Nxd4 14. cxd4 Ne6 15. Be3 Qb6 16. Nc3 Qxb2 17. Nxd5 Nxd4 18. Rb1 Qxc2 19. Bxd4 Qxd1 20. Rbxd1 Bxd4 21. Rxd4 Be6 22. Nc7 Rac8 23. Nxe6 fxe6 24. Rxe6 Rc1+ 25. Kh2 Rxf2 26.
Re7 Rcc2 27. Rd8+ Rf8 28. Rdd7 Rff2 29. Rg7+ Kf8 30. Rxh7 Rxg2+ 31. Kh1 Rh2+ 32. Kg1 Rhg2+ 33. Kf1 Rgf2+ 34. Ke1 Kg8 35. Rhg7+ Kf8 36. Rh7 Kg8 37. Rhg7+ Kf8 38. Rxg6 Rh2 39. Rg1 Rc1+ 40. Rd1 Rxd1+ 41. Kxd1 Rxa2 42. Rg4 b5 43. h4 a5 44. h5 b4 45. h6 Rh2 46. Rg5 a4 47. Rg4 a3 48.
h7 Rxh7 49. Kc2 Rh2+ 50. Kb3 Rb2+ 51. Kc4 a2 52. Rg1 Rb1 0-1

[Event "*** Titled Tuesday Blitz"]
[Site "Chess.com"]
[Date "2018.06.05"]
[Round "9"]
[White "Keranke"]
[Black "GMSrinath"]
[Result "0-1"]
[WhiteElo "2727"]
[BlackElo "2693"]
[TimeControl "180+2"]
[EndTime "15:11:04 PDT"]
[Termination "GMSrinath won on time"]

1. d4 Nf6 2. c4 c5 3. d5 g6 4. Nc3 Bg7 5. e4 O-O 6. Bd3 e6 7. Nge2 exd5 8. exd5 Re8 9. O-O d6 10. h3 Nbd7 11. f4 a6 12. a4 Nf8 13. Ng3 h5 14. f5 h4 15. Nge2 Nh5 16. fxg6 Nxg6 17. Ne4 Qe7 18. Bg5 Qe5 19. N2c3 Ng3 20. Bf6 Bxf6 21. Nxf6+ Kf8 22. Nxe8 Nf4 23. Rxf4 Qxf4 24. Nc7 Ra7 25. Qf3 Qxf3 26. gxf3 b6 27. N7b5 axb5 28. Nxb5 Rd7 29. a5 bxa5 30. Rxa5 Rd8 31. Ra8 Ke7 32.
Kh2 Nh5 33. Na7 Bd7 34. Rxd8 Kxd8 35. Nc6+ Kc7 36. Ne7 Nf4 37. Bf5 Ba4 38. Be4 Bd7 39. Bf5 Ba4 40. Bg4 Nd3 41. Nf5 Nxb2 42. Nxh4 Nxc4 43.
Nf5 Bc2 44. Kg3 Nb6 45. Ne3 Bd3 46. Kf4 c4 47. Bf5 Bxf5 48. Kxf5 c3 49. h4 Kd7 0-1

[Event "*** Titled Tuesday Blitz"]
[Site "Chess.com"]
[Date "2018.06.05"]
[Round "9"]
[White "Alopekos"]
[Black "Mr_Penings"]
[Result "1-0"]
[WhiteElo "2371"]
[BlackElo "2432"]
[TimeControl "180+2"]
[EndTime "15:11:06 PDT"]
[Termination "Alopekos won by checkmate"]

1. e4 c5 2. Nf3 e6 3. d4 cxd4 4. Nxd4 a6 5. Nc3 Qc7 6. Bd3 Nf6 7. O-O h5 8. Qe2 Bc5 9. Nb3 Ng4 10. g3 Ba7 11. Bf4 Ne5 12. h4 Nbc6 13. Rae1 b5 14. Nd5 Qd8 15. Be3 Bxe3 16. Qxe3 O-O 17. Be2 g6 18. Qf4 exd5 19. exd5 Kg7 20. dxc6 Nxc6 21. Bf3 Qf6 22. Qxf6+ Kxf6 23. Rd1 Ra7 24. Rfe1 Kg7 25. Rd6 Nb4 26. c3 Nc6 27. Nc5 Rc7 28. b4 a5 29.
a3 axb4 30. axb4 f6 31. Be2 Ne5 32. f4 Nc4 33. Bxc4 bxc4 34. Re7+ Rf7 35. Re8 Ra7 36. Rxc8 Re7 37. Rd2 g5 38. Kg2 g4 39. Rd8 Kg6 40.
R8xd7 Raxd7 41. Nxd7 Re3 42. Rc2 Kf5 43. Nc5 Re1 44.
Kf2 Rb1 45. Ke3 Rg1 46. Kf2 Rb1 47. Ke2 Rg1 48. Kf2 Rb1 49. Nb7 Ke4 50. Rd2 Rb3 51.
Nd6# 1-0